 Dungeon Crawl Stone Soup version 0.32-a0-834-geaf45d8e21 (webtiles) character file.

Game seed: 2171613582759708345

191 pokeman the Magician (level 5, -4/29 HPs)
             Began as a Deep Elf Hedge Wizard on Mar 25, 2024.
             Slain by a gnoll
             ... wielding a +0 club
              (6 damage)
             ... on level 3 of the Dungeon.
             The game lasted 00:05:22 (2646 turns).

pokeman the Magician (Deep Elf Hedge Wizard)        Turns: 2646, Time: 00:05:24

Health: -4/29      AC:  3    Str:  7    XL:     5   Next: 41%
Magic:  2/15       EV: 11    Int: 21    God:
Gold:   115        SH:  0    Dex: 14    Spells: 8/16 levels left

rFire   . . .        a - +0 dagger
rCold   . . .        (no shield)
rNeg    . . .        b - +0 robe
rPois   .            c - +0 hat
rElec   .            (no cloak)
rCorr   .            (no gloves)
SInv    +            h - +0 pair of boots
Will    .....        (no amulet)
Stlth   +            g - ring of see invisible
HPRegen 0.24/turn    (no ring)
MPRegen 0.14/turn

%: no passive effects
@: on fire, glowing
A: no striking features
a: no special abilities


You were on level 3 of the Dungeon.
You visited 1 branch of the dungeon, and saw 3 of its levels.

You collected 115 gold pieces.

Inventory:

Hand Weapons
 a - a +0 dagger (weapon)
Armour
 b - a +0 robe (worn)
 c - a +0 hat (worn)
 h - a +0 pair of boots (worn)
Jewellery
 g - a ring of see invisible (left hand)
Scrolls
 i - a scroll of enchant armour {unknown}
 k - 2 scrolls of teleportation {unknown}
 l - 4 scrolls of identify {unknown}
 m - a scroll of immolation
 o - a scroll of butterflies {unknown}
Potions
 d - a potion of magic
 e - a potion of resistance {unknown}
 f - a potion of haste {unknown}
 j - 4 potions of curing {unknown}
 n - a potion of attraction {unknown}
 p - a potion of ambrosia {unknown}
 q - a potion of might {unknown}


   Skills:
 - Level 1.4 Fighting
 - Level 1.4 Armour
 + Level 2.7 Dodging
 + Level 2.7 Stealth
 * Level 6.3 Spellcasting
 + Level 2.7 Conjurations
 - Level 1.1 Summonings
 - Level 1.1 Translocations


You had 8 spell levels left.
You knew the following spells:

 Your Spells              Type           Power      Damage    Failure   Level
a - Magic Dart            Conj           72%        1d6       3%          1
b - Mephitic Cloud        Conj/Alch/Air  10%        N/A       21%         3
c - Call Imp              Summ           22%        N/A       9%          2
d - Blink                 Tloc           22%        N/A       9%          2

Your spell library contained the following spells:

 Spells                   Type           Power      Damage    Failure   Level
 Slow                     Hex            24%        N/A       10%         1
 Cigotuvi's Dreadful Rot  Necr/Alch/Air  12%        N/A       14%         2


Dungeon Overview and Level Annotations

Branches:
Dungeon (3/15)

Altars:


Message History

Things that are here:
a +0 mace; an orc corpse The bombardier beetle misses you.
Your cerulean imp barely misses the bombardier beetle.
Things that are here:
a +0 whip; an orc corpse Your cerulean imp hits the bombardier beetle but does no damage.
Your cerulean imp hits the bombardier beetle from afar with a -3 spear.
The gnoll hits itself with a +0 spear.
Something hits your cerulean imp.
The gnoll hits your cerulean imp with a +0 spear.
Your cerulean imp hits the gnoll but does no damage.
A gnoll comes into view. It is wielding a +0 club.
A gnoll comes into view.
It is wielding a +0 whip and quivering a throwing net.
The gnoll shouts!
The bombardier beetle seems less confused.
The bombardier beetle sprays incendiary fluid at you.
The burning spray hits you.
You are covered in liquid fire!
You shake off some of the fire as you move.
The liquid fire burns you!
You shake off some of the fire as you move.
The liquid fire burns you!
The gnoll throws a throwing net.
The throwing net hits you.
You become entangled in the net!
You see here a throwing net.
You struggle against the net.
The liquid fire burns you!
You struggle against the net.
The liquid fire burns you!
You struggle against the net.
The liquid fire burns you! The gnoll hits you with a +0 club.
The gnoll hits you but does no damage.
You rip the net and break free!
The liquid fire burns you!
* * * LOW HITPOINT WARNING * * *
The gnoll hits you with a +0 whip.
* * * LOW HITPOINT WARNING * * *
The gnoll hits you with a +0 club.
You die...

#####...##.#
#....B§.)$.#
#.###5g.##.#
#g# ##g#...+
#B####.# #.#
#.#....# #
#.#.####
#.#g## # #
#.@g.###.#...
#..........#
#....<.....#
########.....
#.## #


You could see a bombardier beetle and 3 gnolls.

Vanquished Creatures
  An orc priest (D:3)
  An orc wizard (D:3)
  6 gnolls (D:2)
  An adder (D:2)
  A ribbon worm (D:2)
  3 dart slugs
  3 orcs (D:3)
  3 endoplasms
  3 giant cockroaches
  4 goblins
  2 hobgoblins
  4 jackals
  2 quokkas
  4 ball pythons
  7 bats
  3 frilled lizards
  4 kobolds
  2 rats
54 creatures vanquished.

Vanquished Creatures (collateral kills)
  An adder (D:2)
1 creature vanquished.

Grand Total: 55 creatures vanquished

Notes
Turn   | Place    | Note
-------+----------+-------------------------------------------
     0 | D:1      | pokeman the Deep Elf Hedge Wizard began the quest for the
                  | Orb.
     0 | D:1      | Reached XP level 1. HP: 10/10 MP: 7/7
   338 | D:1      | Reached XP level 2. HP: 16/16 MP: 3/9
   937 | D:1      | Reached skill level 5 in Spellcasting
  1296 | D:1      | Reached XP level 3. HP: 17/20 MP: 4/11
  1300 | D:1      | Learned a level 3 spell: Mephitic Cloud
  1303 | D:1      | Learned a level 2 spell: Call Imp
  1306 | D:1      | Learned a level 2 spell: Blink
  1426 | D:2      | Reached skill level 1 in Fighting
  1426 | D:2      | Reached skill level 1 in Armour
  1445 | D:2      | Found a faded altar of an unknown god.
  1452 | D:2      | Reached XP level 4. HP: 14/25 MP: 0/13
  2377 | D:2      | Reached skill level 6 in Spellcasting
  2618 | D:3      | Reached XP level 5. HP: 25/29 MP: 7/15
  2646 | D:3      | Slain by a gnoll

Illustrated notes

Levels and vault maps discovered:
D:1:      sevenhm_arrival_forest_fort_large_2, layout_loops_ring
D:2:      minmay_inner_zag, layout_loops_ring, hellmonk_ecumenical_altar_blasted
D:3:      layout_loops_ring, nicolae_vehumet_altar_sigil, kennysheep_path_1,
          minmay_misc_feat_enclosed, minmay_misc_feat_rows

Skill      XL: |  1  2  3  4 |
---------------+-------------+-----
Spellcasting   | 5 6 |  6.3
Fighting       | 1 |  1.4
Armour         | 1 |  1.4
Conjurations   | 2 |  2.7
Dodging        | |  2.7
Stealth        | |  2.7
Summonings     | |  1.1
Translocations | |  1.1

Action                     |  1- 3 |  4- 6 || total
---------------------------+-------+-------++-------
  Melee: Dagger            |    15 |    19 ||    34
   Cast: Magic Dart        |    71 |    38 ||   109
         Mephitic Cloud    |     2 |     6 ||     8
         Call Imp          |     1 |     1 ||     2
   Stab: Sleeping          |     2 |       ||     2
         Confused          |     2 |     4 ||     6
 Armour: Robe              |    16 |    19 ||    35
  Dodge: Dodged            |    26 |    13 ||    39

Table legend: (Time is in decaauts)
 A = Elapsed time spent in this place.
 B = Non-inter-level travel time spent in this place.
 C = Inter-level travel time spent in this place.
 D = Time resting spent in this place.
 E = Time spent auto-exploring this place.
 F = Levels seen in this place.
 G = Mean time per level.
                   A        B        C        D        E       F      G
               +--------+--------+--------+--------+--------+-----+--------+
         Total |   2645 |   2537 |    108 |    135 |   2079 |   3 |  881.7 |
       Dungeon |   2645 |   2537 |    108 |    135 |   2079 |   3 |  881.7 |
               +--------+--------+--------+--------+--------+-----+--------+

Top non-repeatable levels by time:
     D:1: 1337 daAuts
     D:2: 1243 daAuts
     D:3: 64 daAuts
